 Dungeon Crawl Stone Soup version 0.21-a0-525-ga34b322 (webtiles) character file.

23 Gerstahl the Magician (level 2, 0/23 HPs)
             Began as a Demonspawn Wanderer on Dec 7, 2017.
             Slain by a leopard gecko (3 damage)
             ... on level 1 of the Dungeon.
             The game lasted 00:03:00 (1336 turns).

Gerstahl the Magician (Demonspawn Wanderer)         Turns: 1336, Time: 00:03:01

Health: 0/23       AC:  2    Str: 12    XL:     2   Next: 75%
Magic:  7/7        EV: 11    Int: 16    God:
Gold:   37         SH:  0    Dex:  9    Spells: 8/9 levels left

rFire    . . .     SeeInvis .   e - +0 club
rCold    . . .     Gourm    .   (no shield)
rNeg     . . .     Faith    .   d - +0 robe
rPois    .         Spirit   .   (no helmet)
rElec    .         Reflect  .   (no cloak)
rCorr    .         Harm     .   (no gloves)
MR       .....                  (no boots)
Stlth    +.........             (no amulet)
HPRegen  0.07/turn              (no ring)
MPRegen  0.10/turn              (no ring)

@: no status effects
A: claws 1
a: no special abilities


You were on level 1 of the Dungeon.
You were very hungry.

You visited 1 branch of the dungeon, and saw 1 of its levels.

You collected 37 gold pieces.

Inventory:

Hand Weapons
 e - a +0 club (weapon)
Armour
 d - a +0 robe (worn)
Scrolls
 g - 5 scrolls of identify {unknown}
 i - 2 scrolls of teleportation {unknown}
 k - a scroll of magic mapping {unknown}
 m - a scroll of enchant armour {unknown}
 n - a scroll of amnesia {unknown}
Potions
 c - a potion of curing
 j - a potion of degeneration {unknown}
 l - a potion of magic {unknown}
Books
 b - the Tome of Shape Shifting

   Spells                             Type                      Level
   a - Beastly Appendage              Transmutation                1
   b - Spider Form                    Transmutation/Poison         3
Miscellaneous
 a - a lamp of fire
Comestibles
 f - a bread ration
 h - 2 meat rations


   Skills:
 + Level 2.5 Fighting
 - Level 1.0 Maces & Flails
   Level 1.0 Shields
 + Level 4.2 Spellcasting
 + Level 1.1 Transmutations
   Level 1.0 Ice Magic
 - Level 1.0 Evocations


You had 8 spell levels left.
You knew the following spells:

 Your Spells              Type           Power        Failure   Level  Hunger
a - Beastly Appendage     Tmut           #.....       11%         1    None


Dungeon Overview and Level Annotations

Branches:
Dungeon (1/15)

Altars:


Innate Abilities, Weirdness & Mutations

You have sharp fingernails.


Message History

The leopard gecko is heavily wounded.
The leopard gecko closely misses you.
You closely miss the leopard gecko.
The leopard gecko is heavily wounded.
The leopard gecko barely misses you. The leopard gecko bites you.
You miss the leopard gecko.
The leopard gecko is heavily wounded.
The leopard gecko bites you.
You barely miss the leopard gecko.
The leopard gecko is heavily wounded.
The leopard gecko closely misses you. The leopard gecko bites you.
* * * LOW HITPOINT WARNING * * *
You closely miss the leopard gecko.
The leopard gecko is heavily wounded.
The leopard gecko bites you.
* * * LOW HITPOINT WARNING * * *
You hit the leopard gecko.
The leopard gecko is severely wounded.
The leopard gecko misses you. The leopard gecko bites you.
You die...

########### #.......##
######........#
#.............#
#.............#
##########.....)........
.................######.
........$........# #.
.................# ##
.......@.........#
......l.....######
............#
............#
............#
............#
.############


You could see a leopard gecko.

Vanquished Creatures
  A dart slug (D:1)
  3 bats (D:1)
  A giant cockroach (D:1)
  3 goblins (D:1)
  A hobgoblin (D:1)
  3 jackals (D:1)
  2 frilled lizards (D:1)
  3 kobolds (D:1)
  3 rats (D:1)
20 creatures vanquished.

Notes
Turn   | Place    | Note
-------+----------+-------------------------------------------
     0 | D:1      | Gerstahl the Demonspawn Wanderer began the quest for the Orb.
     0 | D:1      | Gerstahl set off with: a lamp of fire, the Tome of Shape Shifting, a potion of curing, a +0 robe, a +0 club, a bread ration
     0 | D:1      | Reached XP level 1. HP: 16/16 MP: 5/5
     0 | D:1      | Identified the Tome of Shape Shifting
     2 | D:1      | Learned a level 1 spell: Beastly Appendage
   513 | D:1      | Gained mutation: You have sharp fingernails. [demonic ancestry]
   513 | D:1      | Reached XP level 2. HP: 17/22 MP: 7/7
   974 | D:1      | Reached skill level 1 in Transmutations
  1336 | D:1      | Slain by a leopard gecko

Vault maps used:
D:1:      nzn_arrival_settlement, minmay_octomino_c4

Skill      XL: |  1  2 |
---------------+-------+-----
Transmutations | 1 |  1.1
Fighting       | |  2.5
Maces & Flails | |  1.0
Shields        | |  1.0
Spellcasting   | |  4.2
Ice Magic      | |  1.0
Evocations     | |  1.0

Action                   || total
-------------------------++-------
Melee: Club              ||    78
       Headbutt          ||     2
 Cast: Beastly Appendage ||     2
Armor: Robe              ||    24
Dodge: Dodged            ||    59

Table legend:
 A = Spawn XP
 B = Non-spawn XP
 C = Spawn XP percentage of total XP
 D = Spawn monster count
 E = Non-spawn monster count
 F = Spawn count percentage of total count
 G = Total turns spent on level
                    A         B        C        D         E        F      G
               +---------+---------+-------+---------+---------+-------+---------
         Total |       0 |      34 |   0.0 |       0 |      20 |   0.0 |  1336
               +---------+---------+-------+---------+---------+-------+---------
           D:1 |       0 |      34 |   0.0 |       0 |      20 |   0.0 |  1336
               +---------+---------+-------+---------+---------+-------+---------
